AoeStats
← 150490644@

Arabia

509422579Analyzed
1v1 RM · 5d ago on Sep 26, 2026· 49m 47s· 2 players
Game mode
Random Map
Map size
Tiny (2 player)
Population
200
Speed
Normal
Resources
Standard
Victory
Conquest
Starting age
Dark Age
Ending age
Imperial Age
RankedLock teamsTeams togetherTeam positionsShared explorationLock speedFull tech treeHidden civsTurbo modeCheats
Victory
Defeat
🇮🇹 Franks · Italy
1022
+15
🇻🇳 Japanese · Vietnam
994
-15
baophux7
9:46 Feudal Age
8:02 Loom
10:29 Man-at-Arms
12:46 Arson
21:55 Castle Age
20:29 Stone Mining
21:04 Horse Collar
22:03 Long Swordsman
22:31 Gambesons
24:44 Pikeman
26:27 Fletching
31:24 Forging
37:25 Double-Bit Axe
150490644@
6:31 Loom
6:47 Loom
9:23 Feudal Age
9:55 Double-Bit Axe
20:02 Wheelbarrow
22:53 Castle Age
21:03 Scale Barding Armor
21:09 Gold Mining
21:45 Stone Mining
22:33 Town Watch
23:01 Forging
24:17 Bow Saw
38:57 Husbandry
42:29 Hand Cart
46:18 Imperial Age
45:10 Gold Shaft Mining
46:24 Iron Casting
47:55 Cavalier
49:56 Chain Barding Armor
Connection lost

Rejoining the realm…

Still unreachable

The connection could not be restored.

Session expired

The server has moved on; the page needs a fresh start.